 Dungeon Crawl Stone Soup version 0.26-a0-739-gf55cbd344a (webtiles) character file.

Game seed: 9581275594881168068

33172 mhtbhm the Severer (level 13, 119/119 HPs)
             Began as a Minotaur Berserker on Nov 5, 2020.
             Was the Champion of Trog.
             Quit the game on level 1 of the Lair of Beasts.
             The game lasted 00:26:29 (15808 turns).

mhtbhm the Severer (Minotaur Berserker)            Turns: 15808, Time: 00:26:30

Health: 119/119    AC: 20    Str: 26    XL:     13   Next: 35%
Magic:  12/12      EV: 11    Int:  4    God:    Trog [******]
Gold:   1134       SH: 18    Dex: 11    Spells: 12/12 levels left

rFire    . . .     SeeInvis .   a - +7 broad axe (vorpal)
rCold    . . .     Faith    .   t - +0 kite shield {AC+3}
rNeg     + . .     Spirit   .   b - +2 chain mail {rPois}
rPois    +         Reflect  +   (helmet restricted)
rElec    .         Harm     .   k - +2 cloak
rCorr    .         Rampage  .   (no gloves)
MR       .....                  (no boots)
Stlth    ..........             f - amulet of reflection
HPRegen  0.29/turn              B - ring of positive energy
MPRegen  0.13/turn              C - ring of stealth

@: no status effects
A: retaliatory headbutt, horns 2
a: Berserk, Trog's Hand, Brothers in Arms, Renounce Religion


You were on level 1 of the Lair of Beasts.
You worshipped Trog.
Trog was exalted by your worship.
You visited 4 branches of the dungeon, and saw 15 of its levels.
You also visited: Sewer.

You collected 1770 gold pieces.
You spent 636 gold pieces at shops.

Inventory:

Hand Weapons
 a - a +7 vorpal broad axe (weapon)
Missiles
 H - a throwing net (quivered)
Armour
 b - a +2 chain mail of poison resistance (worn)
 k - a +2 cloak (worn)
 t - a +0 kite shield of protection (worn)
Jewellery
 f - an amulet of reflection (around neck)
 B - a ring of positive energy (left hand)
 C - a ring of stealth (right hand)
 L - an uncursed amulet of regeneration
Wands
 d - a wand of paralysis (9)
 s - a wand of random effects (36)
 A - a wand of polymorph (10)
 E - a wand of iceblast (23)
 N - a wand of enslavement (6)
Scrolls
 c - 10 scrolls of remove curse
 e - 4 scrolls of enchant armour
 g - 5 scrolls of enchant weapon
 m - 2 scrolls of blinking
 n - 3 scrolls of teleportation
 o - 4 scrolls of fog
 r - 3 scrolls of immolation
 u - a scroll of vulnerability {unknown}
 y - a scroll of noise {unknown}
 z - 4 scrolls of fear
 D - a scroll of identify
 I - a scroll of summoning {unknown}
 J - a scroll of holy word {unknown}
 M - a scroll of magic mapping
Potions
 h - 2 potions of haste
 i - 2 potions of curing
 j - 3 potions of flight
 l - 2 potions of might
 p - a potion of resistance
 q - 2 potions of invisibility
 v - a potion of lignification
 w - 4 potions of heal wounds
 x - a potion of attraction
 F - a potion of berserk rage {unknown}
 G - 2 potions of magic
 K - a potion of degeneration {unknown}


   Skills:
 + Level 12.3 Fighting
 + Level 16.8 Axes
 + Level 9.9 Armour
 + Level 7.0 Dodging
 - Level 0.3 Stealth
 + Level 12.4 Shields
 + Level 1.2 Evocations


You had 12 spell levels left.
You didn't know any spells.
Your spell library was empty.

Dungeon Overview and Level Annotations

Branches:
Dungeon (11/15)            Temple (0/1) D:7            Lair (1/6) D:11
    Orc (2/2) D:10            Elf (1/3) Orc:2         Sewer (visited)

Altars:
Ashenzari
Fedhas
Gozag
Kikubaaqudgha
Okawaru
Ru
Uskayaw
Vehumet
Yredelemnul
Beogh

Shops:
D:6 (   D:7 *   D:9 *   D:10 *   Orc:2 [(*!


Innate Abilities, Weirdness & Mutations

You reflexively headbutt those who attack you in melee.
You have a pair of horns on your head.


Message History

No target in view!
No target in view!
No target in view!
No target in view!
Unknown command.
Things that are here:
a yak corpse; a yak corpse You start resting.
HP restored.
l - 2 potions of might (gained 1)
c - 10 scrolls of remove curse (gained 1)
A wolf comes into view.
The wolf howls!
You hear a howl! x2
You see here a wand of iceblast (8).
A wolf is nearby!
A wolf is nearby!
A wolf is nearby!
E - a wand of iceblast (23) (gained 8 charges)
A blink frog comes into view.
Are you sure you want to abandon this character and quit the game? (Confirm with "yes".)

....# #.# .###....P#
....# #.# #........#
....###.####........#
....##..............##
......#..............#
....................##.#
............##.#.......#
...##.P...#.#...#...#..#
...###....#...8.@##.#
...# ##...###.....# #
#..# #...# #.#...h. #..#
#...# #.###..... #..#
....# ## ...8... #..#
.... ....... ... .8...8.
..F....


You could see a blink frog (wandering) and a wolf.

Vanquished Creatures
  An orc warlord (Orc:2)
  A stone giant (Orc:1)
  Josephine (Orc:2)
  Harold (D:8)
  4 two-headed ogres
  An orc high priest (Orc:2)
  An unseen horror (D:11)
  3 orc knights
  An orc sorcerer (Orc:2)
  3 deep elf magi (Elf:1)
  Maurice (D:8)
  2 cyclopes
  2 ugly things (D:11)
  2 centaur zombies
  Maggie (D:7)
  2 kobold demonologists (D:11)
  6 trolls
  6 wraiths
  26 yaks
  5 wargs
  15 soldier ants (D:9)
  3 ice beasts
  A water moccasin (D:8)
  37 orc warriors
  4 black bears
  2 sky beasts (D:9)
  13 ogres
  A phantom (D:8)
  4 centaurs
  2 big kobolds
  7 bullfrogs
  A wyvern skeleton (D:7)
  A water moccasin skeleton (D:8)
  4 scorpions
  5 wights (D:7)
  4 howler monkeys (D:9)
  A quasit (D:6)
  3 hounds
  4 jellies
  12 orc priests
  2 bullfrog skeletons
  4 centaur skeletons
  A gnoll shaman (D:5)
  33 orc wizards
  6 iguanas
  28 worker ants
  A hound skeleton (D:10)
  2 hound zombies
  3 worker ant zombies
  9 gnolls
  2 river rats
  12 adders
  3 white imps
  2 ufetubi (D:7)
  An ooze (D:2)
  A worm (D:4)
  2 dart slugs
  6 leopard geckos
  103 orcs
  3 bats
  5 giant cockroaches
  8 goblins
  7 hobgoblins
  19 jackals
  2 quokkas
  4 ball pythons
  A ball python zombie (D:6)
  10 frilled lizards
  A jackal skeleton (D:4)
  13 kobolds
  A quokka zombie (D:4)
  16 rats
  A rat zombie (D:6)
506 creatures vanquished.

Vanquished Creatures (collateral kills)
  A queen ant (D:9)
  5 soldier ants (D:9)
6 creatures vanquished.

Vanquished Creatures (others)
  A kobold (Sewer)
  3 plants
  2 withered plants (D:4)
6 creatures vanquished.

Grand Total: 518 creatures vanquished

Notes
Turn   | Place    | Note
-------+----------+-------------------------------------------
     0 | D:1      | mhtbhm the Minotaur Berserker began the quest for the Orb.
     0 | D:1      | Reached XP level 1. HP: 19/19 MP: 0/0
   167 | D:1      | Reached XP level 2. HP: 27/27 MP: 1/1
   169 | D:1      | Reached skill level 4 in Axes
   950 | D:2      | Found a broken altar of Ashenzari.
   969 | D:2      | Reached XP level 3. HP: 31/33 MP: 2/2
  1134 | D:2      | Reached ** piety under Trog
  1271 | D:2      | Found a basalt altar of Yredelemnul.
  1436 | D:2      | Reached XP level 4. HP: 39/41 MP: 3/3
  1496 | D:2      | Reached skill level 5 in Axes
  2087 | D:3      | Reached XP level 5. HP: 44/47 MP: 4/4
  2220 | D:3      | Found a glowing drain.
  2248 | Sewer    | Entered a sewer
  2257 | Sewer    | Reached *** piety under Trog
  2380 | Sewer    | Reached skill level 1 in Shields
  2569 | Sewer    | Found a white marble altar of Elyvilon.
  2729 | D:3      | Reached skill level 6 in Axes
  2899 | D:3      | You fall into a shaft and drop 3 floors!
  2930 | D:6      | Reached XP level 6. HP: 52/53 MP: 5/5
  3174 | D:6      | Noticed an orc warrior
  3194 | D:6      | Killed an orc warrior
  3194 | D:6      | Reached skill level 5 in Fighting
  3194 | D:6      | Reached skill level 5 in Armour
  3194 | D:6      | Reached XP level 7. HP: 41/61 MP: 6/6
  3378 | D:5      | Entered Level 5 of the Dungeon
  3545 | D:5      | Reached skill level 7 in Axes
  4001 | D:5      | Reached **** piety under Trog
  4162 | D:4      | Reached skill level 8 in Axes
  4411 | D:4      | Reached XP level 8. HP: 69/69 MP: 7/7
  4441 | D:4      | Found a radiant altar of Vehumet.
  5423 | D:6      | Found Iwesh's Weapon Shoppe.
  5489 | D:6      | Found an ancient bone altar of Kikubaaqudgha.
  5567 | D:6      | Reached skill level 9 in Axes
  5709 | D:7      | Noticed Maggie
  5722 | D:7      | Killed Maggie
  5722 | D:7      | Reached skill level 5 in Shields
  5787 | D:7      | Found Nefu's General Store.
  5798 | D:7      | Reached skill level 10 in Axes
  5799 | D:7      | Reached XP level 9. HP: 78/78 MP: 8/8
  5868 | D:7      | Bought a scroll of identify for 24 gold pieces
  5868 | D:7      | Bought a potion of might for 48 gold pieces
  5947 | D:7      | Found a staircase to the Ecumenical Temple.
  6042 | D:7      | Found a blossoming altar of Fedhas.
  6042 | D:7      | Found an opulent altar of Gozag.
  6047 | D:7      | Found a hide-covered altar of Uskayaw.
  6085 | D:7      | Found an iron altar of Okawaru.
  6153 | D:7      | Reached ***** piety under Trog
  6415 | D:8      | Noticed Harold
  6440 | D:8      | Killed Harold
  6440 | D:8      | Reached skill level 11 in Axes
  6815 | D:8      | Reached skill level 1 in Evocations
  6984 | D:8      | Found a sacrificial altar of Ru.
  7155 | D:8      | Reached XP level 10. HP: 88/88 MP: 9/9
  7280 | D:8      | Noticed Maurice
  7291 | D:8      | Killed Maurice
  7958 | D:9      | Reached skill level 12 in Axes
  7979 | D:9      | Noticed a queen ant
  8004 | D:9      | Killed a queen ant
  8011 | D:9      | Noticed a two-headed ogre
  8041 | D:9      | Reached skill level 13 in Axes
  8079 | D:9      | Killed a two-headed ogre
  8079 | D:9      | Reached XP level 11. HP: 57/97 MP: 10/10
  8107 | D:9      | Reached skill level 5 in Dodging
  8466 | D:9      | Received a gift from Trog
  8614 | D:9      | Noticed a two-headed ogre
  8635 | D:9      | Killed a two-headed ogre
  9303 | D:9      | Found Dum Bov's Assorted Antiques.
  9461 | D:9      | Found a sacrificial altar of Ru.
  9577 | D:9      | Reached skill level 10 in Fighting
  9893 | D:10     | Entered Level 10 of the Dungeon
  9895 | D:10     | Found a staircase to the Orcish Mines.
  9898 | D:10     | Reached skill level 14 in Axes
  9898 | D:10     | Noticed a two-headed ogre
  9915 | D:10     | Killed a two-headed ogre
 10847 | D:10     | Found Vowk's General Store.
 10855 | D:10     | Bought a scroll of teleportation for 42 gold pieces
 10862 | D:10     | Bought a +0 kite shield of protection for 161 gold pieces
 11035 | Orc:1    | Entered Level 1 of the Orcish Mines
 11035 | Orc:1    | Noticed a stone giant
 11267 | Orc:1    | Reached skill level 10 in Shields
 11269 | Orc:1    | Killed a stone giant
 11494 | Orc:1    | Received a gift from Trog
 11601 | Orc:1    | Reached XP level 12. HP: 108/108 MP: 11/11
 11802 | Orc:2    | Entered Level 2 of the Orcish Mines
 11827 | Orc:2    | Noticed a two-headed ogre
 11841 | Orc:2    | Killed a two-headed ogre
 11967 | Orc:1    | Found a roughly hewn altar of Beogh.
 11997 | Orc:2    | Found a roughly hewn altar of Beogh.
 12105 | Orc:2    | Found Ynaq's Assorted Antiques.
 12206 | Orc:1    | Reached ****** piety under Trog
 12567 | Orc:2    | Received a gift from Trog
 12580 | Orc:2    | Reached skill level 15 in Axes
 12876 | Orc:2    | Found a roughly hewn altar of Beogh.
 12922 | Orc:2    | Found a staircase to the Elven Halls.
 12989 | Orc:2    | Found a roughly hewn altar of Beogh.
 13004 | Orc:2    | Found Ydoyses's Distillery.
 13011 | Orc:2    | Bought a potion of heal wounds for 65 gold pieces
 13070 | Orc:2    | Noticed Josephine
 13081 | Orc:2    | Killed Josephine
 13323 | Orc:2    | Found a roughly hewn altar of Beogh.
 13549 | Orc:2    | Noticed an orc high priest
 13551 | Orc:2    | Noticed an orc warlord
 13673 | Orc:2    | Received a gift from Trog
 13682 | Orc:2    | Killed an orc high priest
 13719 | Orc:2    | Killed an orc warlord
 13719 | Orc:2    | Reached skill level 16 in Axes
 13798 | Orc:2    | Found Rycoblohypp's Antique Armour Shoppe.
 13798 | Orc:2    | Found a roughly hewn altar of Beogh.
 13805 | Orc:2    | Found Atunuaw's Antique Weapon Emporium.
 13907 | Orc:2    | Bought a glowing scarf for 296 gold pieces
 13985 | Orc:2    | Found a roughly hewn altar of Beogh.
 14027 | Elf:1    | Entered Level 1 of the Elven Halls
 14043 | Elf:1    | Reached XP level 13. HP: 118/118 MP: 12/12
 14396 | D:11     | Found a staircase to the Lair.
 15710 | Lair:1   | Entered Level 1 of the Lair of Beasts
 15808 | Lair:1   | Quit the game

Illustrated notes

Levels and vault maps discovered:
D:1:      scummos_arrival_hexagon, layout_loops_ring, st_stairs_13
D:2:      layout_loops_corners, lemuel_crystal_altar,
          lemuel_coloured_pillars_altar
D:3:      layout_rooms, portal_sewer_entry_e
D:4:      layout_basic, old_standard_altar, serial_undead, serial_undead_b,
          serial_undead_b, serial_undead_b, serial_undead_a
D:5:      layout_rooms
D:6:      layout_rooms, lemuel_zombie_altar_kikubaaqudgha, serial_shops,
          nicolae_shop_crystal, minmay_misc_feat_hallway,
          chequers_hall_statues_corner_a
D:7:      layout_cave_pools, kennysheep_okawaru_gauntlet,
          gammafunk_temple_overflow_forgotten,
          minmay_temple_entry_statues_fountains, serial_shops, shop, uniq_maggie
D:8:      layout_basic, st_stairs_12, hangedman_ru_absence, uniq_maurice,
          uniq_harold
D:9:      layout_stronghold, kennysheep_mini, serial_shops,
          nicolae_shop_overgrown_old_shop, minivault_29
D:10:     cheibrodos_elevator_heist, layout_irregular_city, serial_shops, shop
D:11:     layout_basic, lair_entry_dummy
Lair:1:   layout_gridlike, grunt_megastairs_4, infiniplex_staircase_pool
Orc:1:    layout_caves, basic_altar
Orc:2:    grunt_orc_community_town_hall, layout_diamond_mine,
          grunt_orc_community_big_house_1, grunt_orc_community_big_house_2,
          grunt_orc_community_house_2, grunt_orc_community_house_2,
          grunt_orc_community_house_2, grunt_orc_community_house_1,
          uniq_josephine
Elf:1:    elf_arrival_001, layout_geoelf_grid, serial_shops,
          nicolae_shop_waterfront, nicolae_shop_statue_plus,
          nicolae_shop_crystal, minmay_elf_crystal_hexagon, hex_intersection

Skill      XL: |  1  2  3  4  5  6  7  8  9 10 11 12 13 |
---------------+----------------------------------------+-----
Axes           | 4 5 6 8 10 11 13 14 16 | 16.8
Fighting       | 4 5 6 7 9 10 12 | 12.3
Armour         | 3 4 5 6 7 8 9 |  9.9
Shields        | 1 3 4 5 7 8 10 12 | 12.4
Dodging        | 3 4 6 7 |  7.0
Evocations     | 1 |  1.2
Stealth        | |  0.3

Action                   |  1- 3 |  4- 6 |  7- 9 | 10-12 | 13-15 || total
-------------------------+-------+-------+-------+-------+-------++-------
Melee: Hand axe          |    90 |   158 |   303 |   594 |       ||  1145
       Headbutt          |     7 |    26 |    63 |   186 |    14 ||   296
       Broad axe         |       |       |       |   206 |   103 ||   309
       Unarmed           |       |       |       |     1 |       ||     1
Invok: Berserk           |       |     3 |     5 |    17 |     2 ||    27
       Brothers in Arms  |       |       |       |     1 |       ||     1
Evoke: Wand              |       |       |     7 |     3 |       ||    10
  Use: Scroll            |       |     8 |    10 |     9 |       ||    27
       Potion            |       |       |       |     5 |       ||     5
 Stab: Paralysed         |       |       |     6 |     2 |       ||     8
       Sleeping          |       |       |       |     2 |       ||     2
Armor: Animal skin       |     6 |       |       |       |       ||     6
       Chain mail        |    15 |    52 |    37 |    29 |    26 ||   159
       Swamp dragon scal |       |       |    31 |   128 |       ||   159
       Skin              |       |       |       |    16 |       ||    16
Dodge: Dodged            |    54 |    51 |    83 |   180 |    17 ||   385
Block: Other             |    10 |     8 |       |       |       ||    18
       Buckler           |       |    63 |   119 |   151 |       ||   333
       Reflection        |       |     6 |     4 |    16 |     8 ||    34
       Kite shield       |       |       |       |   262 |    86 ||   348

Table legend: (Time is in decaauts)
 A = Elapsed time spent in this place.
 B = Non-inter-level travel time spent in this place.
 C = Inter-level travel time spent in this place.
 D = Time resting spent in this place.
 E = Time spent auto-exploring this place.
 F = Levels seen in this place.
 G = Mean time per level.
                   A        B        C        D        E       F      G
               +--------+--------+--------+--------+--------+-----+--------+
         Total |  15895 |  15815 |     80 |   4338 |   7326 |  16 |  993.4 |
       Dungeon |  12495 |  12415 |     80 |   3359 |   6319 |  11 | 1135.9 |
          Lair |     96 |     96 |      0 |     36 |     43 |   1 |   96.0 |
  Orcish Mines |   2719 |   2719 |      0 |    690 |    822 |   2 | 1359.5 |
   Elven Halls |    134 |    134 |      0 |     62 |      0 |   1 |  134.0 |
         Sewer |    448 |    448 |      0 |    190 |    142 |   1 |  448.0 |
               +--------+--------+--------+--------+--------+-----+--------+

Top non-repeatable levels by time:
     D:9: 2229 daAuts
   Orc:2: 1963 daAuts
    D:10: 1662 daAuts
    D:11: 1358 daAuts
     D:8: 1196 daAuts
     D:4: 1112 daAuts
     D:6: 927 daAuts
     D:1: 924 daAuts
     D:2: 892 daAuts
     D:5: 792 daAuts
   Orc:1: 756 daAuts
     D:3: 715 daAuts
     D:7: 683 daAuts
   Sewer: 448 daAuts
   Elf:1: 134 daAuts
